 Dungeon Crawl Stone Soup version 0.16-a0-3728-gc6b4a4b (webtiles) character file.

10676 Econoterrorist the Grappler (level 11, 0/90 HPs)
             Began as a Naga Transmuter on Jan 22, 2015.
             Was an Elder of Cheibriados.
             Slain by a komodo dragon (27 damage)
             ... on level 1 of the Lair of Beasts.
             The game lasted 00:56:17 (13082 turns).

Econoterrorist the Grappler (Naga Transmuter)      Turns: 13082, Time: 00:56:17

Health: 0/90       AC: 10    Str: 24    XL:     11   Next: 65%
Magic:  0/36       EV: 11    Int: 26    God:    Cheibriados [****..]
Gold:   565        SH:  5    Dex: 21    Spells: 4 memorised, 13 levels left

rFire  . . .     SeeInvis +       - Unarmed
rCold  + . .     Clarity  .     S - +3 robe of Clouds {+Fly rElec}
rNeg   . . .     SustAb   .     q - +1 buckler
rPois  +         Gourm    .     s - +0 helmet
rElec  +         Spirit   +     o - +0 cloak
rCorr  .         Warding  .     y - +0 pair of gloves
rMut   .         Stasis   .     (no barding)
MR     +....                    j - amulet of guardian spirit
Stlth  ++........               W - ring of magical power
                                X - ring of protection from cold

@: very slow, somewhat resistant to hostile enchantments, unstealthy
A: spit poison, see invisible, deformed body, poison resistance, slowness 2, AC
+3
a: Spit Poison, Bend Time, Temporal Distortion, Slouch, Renounce Religion, Evoke
Flight


You were on level 1 of the Lair of Beasts.
You worshipped Cheibriados.
Cheibriados was greatly pleased with you.
You were not hungry.

You visited 3 branches of the dungeon, and saw 10 of its levels.
You also visited: Sewer.

You collected 565 gold pieces.

Inventory:

Missiles
 g - 2 throwing nets (quivered)
Armour
 o - a +0 cloak (worn)
 q - a +1 buckler (worn)
 s - a +0 helmet (worn)
 y - a +0 pair of gloves (worn)
 S - the +3 robe of Clouds (worn) {+Fly rElec}
   (You found it on level 6 of the Dungeon)

   It insulates you from electricity.
   It lets you fly.
Rods
 M - a -1 rod of clouds (11/11)
   (You found it on level 6 of the Dungeon)
Jewellery
 e - an uncursed ring of ice
 h - a +5 ring of strength
 j - an amulet of guardian spirit (around neck)
 l - an uncursed ring of protection from magic
 W - a ring of magical power (right hand)
 X - a ring of protection from cold (left hand)
Magical devices
 f - a wand of lightning (6)
 p - a wand of heal wounds (4)
 x - a wand of flame (29)
 z - a wand of teleportation (0)
 A - a wand of digging (11)
 B - a wand of flame (32)
 C - a wand of polymorph (7)
 H - a wand of cold (8)
 L - a wand of draining (7)
 O - a wand of teleportation (3)
 Q - a wand of flame (24)
 Y - a wand of paralysis (10)
 Z - a wand of draining (5)
Scrolls
 i - 5 scrolls of identify
 n - 5 scrolls of remove curse
 r - 6 scrolls of teleportation
 t - a scroll of fog
 u - 3 scrolls of blinking
 F - a scroll of enchant weapon {unknown}
Potions
 b - 2 potions of brilliance {unknown}
 c - 2 potions of curing
 m - a potion of restore abilities {unknown}
 v - a potion of heal wounds {unknown}
 w - a potion of cure mutation {unknown}
 D - a potion of berserk rage {unknown}
 J - a potion of lignification {unknown}
 K - 2 potions of magic {unknown}
 N - a potion of resistance {unknown}
 P - 2 potions of cancellation {unknown}
 U - a potion of might {unknown}
 V - 3 potions of poison {unknown}
Books
 d - a book of Changes

   Spells                             Type                      Level
   a - Beastly Appendage              Transmutation                1
   b - Sticks to Snakes               Transmutation                2
   c - Spider Form                    Transmutation/Poison         3
   d - Ice Form                       Ice/Transmutation            4
   e - Blade Hands                    Transmutation                5
 G - a book of Enchantments

   Spells                             Type                      Level
   a - Tukima's Dance                 Hexes                        3
   b - Cause Fear                     Hexes                        4
   c - Silence                        Hexes/Air                    5
   d - Deflect Missiles               Charms/Air                   6
   e - Haste                          Charms                       6
   f - Discord                        Hexes                        8
Comestibles
 a - 3 bread rations
 k - 8 meat rations
 E - 2 fruits
 I - a slice of pizza
 T - 3 royal jellies


   Skills:
 - Level 3.0 Fighting
 + Level 3.1 Dodging
 + Level 0.0 Shields
 - Level 13.1 Unarmed Combat
 - Level 8.1 Spellcasting
 - Level 10.0 Transmutations
 - Level 3.0 Poison Magic


You had 13 spell levels left.
You knew the following spells:

 Your Spells              Type           Power        Failure   Level  Hunger
a - Beastly Appendage     Trmt           ######       1%          1    None
b - Spider Form           Trmt/Pois      #####.....   1%          3    None
c - Blade Hands           Trmt           ######....   4%          5    ####...
d - Ice Form              Ice/Trmt       #####...     12%         4    ##.....


Dungeon Overview and Level Annotations

Branches:
Dungeon (8/15)             Temple (1/1) D:7            Lair (1/8) D:8

Altars:
Ashenzari
Cheibriados
Elyvilon
Fedhas
Kikubaaqudgha
Makhleb
Nemelex Xobeh
Okawaru
Qazlal
Ru
Sif Muna
Trog
Vehumet
Xom
Yredelemnul
Zin
The Shining One

Shops:
D:4 }


Innate Abilities, Weirdness & Mutations

You cannot wear boots.
You can spit poison.
Your serpentine skin is tough (AC +3).
You have supernaturally acute eyesight.
Armour fits poorly on your strangely shaped body.
Your system is resistant to poisons.
You cover ground very slowly.


Message History

The komodo dragon bites you!
You barely miss the komodo dragon.
The komodo dragon is heavily wounded.
The komodo dragon bites you!
You barely miss the komodo dragon.
The komodo dragon is heavily wounded.
The komodo dragon misses you.
You hit the komodo dragon.
The komodo dragon is heavily wounded.
The komodo dragon bites you!
You hit the komodo dragon.
The komodo dragon is heavily wounded.
You closely miss the komodo dragon.
The komodo dragon is heavily wounded.
The komodo dragon bites you!
* * * LOW HITPOINT WARNING * * *
You barely miss the komodo dragon.
The komodo dragon is heavily wounded.
The komodo dragon bites you!!
You die...

#### ### # ####
####PP######.#########P#######.#.
..............≈§@l.......≈.......
###.##......########....#≈P#.###.
##.#.#.....P#########...#......#.
....##.....##......#....#.†......
....##.....#P......##..........#.
.....#.....##......##...#......#.
...........##..................#.
#.###..............##...#.)....#.
###.#P.....##......##...#......#.


You could see a komodo dragon.

Vanquished Creatures
  A death yak (D:8)
  Pikel (D:6)
  2 spiny frogs (Lair:1)
  2 komodo dragons (Lair:1)
  A fire drake (Lair:1)
  A trapdoor spider zombie (D:8)
  16 yaks
  2 hungry ghosts
  Eustachio (D:5)
  A wolf (D:8)
  3 hippogriffs
  Menkaure (D:5)
  A slave (D:6)
  A water moccasin (Lair:1)
  3 orc warriors (D:8)
  5 ogres
  2 sky beasts
  2 centaurs (D:5)
  An ice beast (D:8)
  A black bear (D:6)
  A necrophage (D:8)
  4 crocodiles (D:8)
  2 giant frogs
  Sigmund (D:6)
  Blork the orc (D:4)
  A gnoll sergeant (D:7)
  4 killer bees (D:8)
  4 crimson imps
  3 electric eels (D:8)
  A quasit (D:7)
  2 goliath beetles
  A giant frog zombie (D:8)
  2 orc priests
  A jelly (D:6)
  Crazy Yiuf (D:2)
  A gnoll shaman (D:4)
  4 hounds
  A giant frog skeleton (D:5)
  10 iguanas
  12 orc wizards
  4 worker ants
  Natasha (D:4)
  3 hell rats (D:5)
  A giant frog simulacrum (D:8)
  Ijyb (D:6)
  2 hound zombies
  15 adders
  15 gnolls
  12 river rats
  A white imp (D:8)
  2 giant mites (D:3)
  5 worms
  An adder zombie (D:7)
  7 giant geckos
  10 oozes
  40 orcs
  4 ball pythons
  6 giant cockroaches
  18 goblins
  7 hobgoblins
  4 jackals (D:4)
  21 kobolds
  5 quokkas
  12 bats
  10 giant newts
  A jackal skeleton (D:4)
  48 rats
361 creatures vanquished.

Vanquished Creatures (others)
  A swamp drake (D:8)
  2 centaurs (D:6)
  A hound zombie (D:6)
  An adder skeleton (D:6)
  A goblin (D:5)
6 creatures vanquished.

Grand Total: 367 creatures vanquished

Notes
Turn   | Place    | Note
--------------------------------------------------------------
     0 | D:1      | Econoterrorist, the Naga Transmuter, began the quest for the Orb.
     0 | D:1      | Reached XP level 1. HP: 18/18 MP: 3/3
   467 | D:1      | Reached XP level 2. HP: 25/25 MP: 4/4
   905 | D:1      | Reached skill level 4 in Unarmed Combat
  1075 | D:1      | Reached XP level 3. HP: 29/31 MP: 6/6
  1344 | D:1      | Learned a level 3 spell: Spider Form
  1731 | D:2      | Reached XP level 4. HP: 36/38 MP: 5/7
  2102 | D:2      | Reached skill level 5 in Unarmed Combat
  2369 | D:2      | Reached skill level 1 in Poison Magic
  2695 | D:2      | Reached XP level 5. HP: 44/44 MP: 9/9
  2749 | D:2      | Noticed Crazy Yiuf
  2755 | D:2      | Killed Crazy Yiuf
  3227 | D:3      | Found a glowing drain.
  3312 | Sewer    | Entered a sewer
  3598 | Sewer    | Reached XP level 6. HP: 49/51 MP: 8/10
  4134 | D:3      | Found a glowing golden altar of the Shining One.
  4134 | D:3      | Found a bloodstained altar of Trog.
  4734 | D:4      | HP: 1/51 [gnoll (4)]
  4737 | D:4      | Reached skill level 13 in Unarmed Combat
  4737 | D:4      | Reached XP level 7. HP: 13/57 MP: 0/12
  5210 | D:4      | Noticed Blork the orc
  5219 | D:4      | Killed Blork the orc
  5219 | D:4      | Reached XP level 8. HP: 54/67 MP: 7/13
  5406 | D:4      | Found Muacalis' Gadget Shoppe.
  5477 | D:4      | Noticed Natasha
  5482 | D:4      | Killed Natasha
  5536 | D:5      | Entered Level 5 of the Dungeon
  5727 | D:5      | Noticed Eustachio
  5741 | D:5      | Killed Eustachio
  5811 | D:5      | Noticed Menkaure
  5819 | D:5      | Killed Menkaure
  5984 | D:5      | Reached XP level 9. HP: 66/75 MP: 11/14
  5991 | D:5      | Learned a level 5 spell: Blade Hands
  6072 | D:5      | Reached skill level 5 in Transmutations
  7071 | D:6      | Identified a -1 rod of clouds (11/11) (You found it on level 6 of the Dungeon)
  7086 | D:6      | Noticed Ijyb
  7092 | D:6      | Killed Ijyb
  7163 | D:6      | Noticed Sigmund
  7171 | D:6      | Killed Sigmund
  7631 | D:6      | Noticed Pikel
  7644 | D:6      | Killed Pikel
  8633 | D:7      | Reached XP level 10. HP: 72/84 MP: 4/16
  8816 | D:7      | Found a flagged portal.
  9013 | D:7      | Found a staircase to the Ecumenical Temple.
  9018 | Temple   | Entered the Ecumenical Temple
  9096 | Temple   | Became a worshipper of Cheibriados the Contemplative
 10475 | D:8      | Reached skill level 10 in Transmutations
 10507 | D:8      | Found a staircase to the Lair.
 10618 | D:8      | Noticed a death yak
 10626 | D:8      | Killed a death yak
 10857 | D:8      | Reached XP level 11. HP: 71/90 MP: 21/21
 11054 | D:8      | Acquired Cheibriados' first power
 11478 | D:8      | Reached skill level 5 in Spellcasting
 11639 | Lair:1   | Entered Level 1 of the Lair of Beasts
 11666 | Lair:1   | Learned a level 4 spell: Ice Form
 12211 | Lair:1   | Acquired Cheibriados' second power
 13082 | Lair:1   | Slain by a komodo dragon

Action                   |  1- 3 |  4- 6 |  7- 9 | 10-12 || total
-------------------------+-------+-------+-------+-------++-------
Melee: Unarmed           |   107 |   249 |   362 |   406 ||  1124
 Cast: Beastly Appendage |     4 |    15 |     2 |       ||    21
       Spider Form       |     1 |     3 |    18 |     9 ||    31
       Blade Hands       |       |       |     1 |     7 ||     8
 Abil: Spit Poison       |     5 |    14 |     4 |     1 ||    24
Evoke: Wand              |       |       |     3 |       ||     3
  Use: Scroll            |       |     1 |     3 |     8 ||    12
       Potion            |       |     4 |     2 |       ||     6
 Stab: Distracted        |       |     1 |       |       ||     1
       Confused          |       |       |       |     1 ||     1
  Eat: Chunk             |     3 |    10 |    14 |    14 ||    41
       Beef jerky        |       |     1 |       |       ||     1
       Royal jelly       |       |       |     1 |       ||     1
       Fruit             |       |       |       |     2 ||     2
       Pizza             |       |       |       |     1 ||     1
